 Dungeon Crawl Stone Soup version 0.29-a0-1033-gb6c65ffae6 (webtiles) character file.

Game seed: 2576328399396027312

563 wingedge the Changer (level 7, -10/52 HPs)
             Began as a Human Wanderer on Aug 14, 2022.
             Killed by divine providence
             ... invoked by an orc priest
              (14 damage)
             ... on level 5 of the Dungeon.
             The game lasted 00:21:57 (5729 turns).

wingedge the Changer (Human Wanderer)               Turns: 5729, Time: 00:21:58

Health: -10/52     AC:  9    Str: 13    XL:     7   Next: 58%
Magic:  11/11      EV: 10    Int: 15    God:
Gold:   257        SH: 11    Dex: 11    Spells: 2/11 levels left

rFire   . . .      SeeInvis .   p - +4 flail (protect)
rCold   . . .      Faith    .   e - +2 buckler
rNeg    . . .      Spirit   .   B - +4 ring mail
rPois   .          Reflect  +   (helmet currently unavailable)
rElec   .          Harm     .   (no cloak)
rCorr   .          Rampage  .   (no gloves)
Will    .....                   (boots currently unavailable)
Stlth   +.........              b - amulet of reflection
HPRegen 0.17/turn               (no ring)
MPRegen 0.12/turn               (no ring)

@: appendages (expiring)
A: horns 2, talons 2
a: End Transformation


You were on level 5 of the Dungeon.
You had temporarily grown beastly horns and talons.
You visited 1 branch of the dungeon, and saw 5 of its levels.

You collected 257 gold pieces.

Inventory:

Hand Weapons
 a - a +0 dagger
 i - a +0 short sword
 k - a +0 war axe
 p - a +4 flail of protection (weapon)
 s - a +0 dagger of venom
Missiles
 g - 6 poisoned darts
Armour
 d - a +0 robe
 e - a +2 buckler (worn)
 o - a +0 ring mail
 v - a +0 leather armour
 B - a +4 ring mail (worn)
Jewellery
 b - an amulet of reflection (around neck)
 z - an amulet of faith
Wands
 D - a wand of charming (11)
Scrolls
 c - a scroll of blinking
 f - a scroll of teleportation
 j - a scroll of vulnerability {unknown}
 l - a scroll of magic mapping {unknown}
 m - a scroll of amnesia {unknown}
 x - a scroll of enchant armour {unknown}
 y - a scroll of butterflies {unknown}
 A - a scroll of torment {unknown}
Potions
 h - 3 potions of brilliance
 n - a potion of flight {unknown}
 q - 2 potions of heal wounds {unknown}
 r - a potion of ambrosia
 t - a potion of curing {unknown}
 u - a potion of berserk rage {unknown}
 w - 3 potions of mutation {unknown}
 C - a potion of attraction {unknown}


   Skills:
 - Level 3.0 Fighting
 - Level 1.0 Short Blades
 + Level 1.0 Armour
 - Level 2.0 Dodging
 - Level 3.0 Stealth
 - Level 3.0 Shields
 - Level 1.0 Unarmed Combat
 + Level 2.8 Spellcasting
 + Level 0.9 Translocations
 + Level 3.7 Transmutations
 - Level 2.0 Fire Magic
 + Level 2.9 Poison Magic
 - Level 1.0 Evocations


You had 2 spell levels left.
You knew the following spells:

 Your Spells              Type           Power      Damage    Failure   Level
a - Beastly Appendage     Tmut           26%        N/A       12%         1
b - Ignite Poison         Fire/Tmut/Pois 10%        N/A       45%         3
c - Sting                 Tmut/Pois      48%        1d5       14%         1
d - Wereblood             Tmut           13%        N/A       19%         2
e - Blink                 Tloc           8%         N/A       52%         2

Your spell library contained the following spells:

 Spells                   Type           Power      Damage    Failure   Level
 Apportation              Tloc           8%         N/A       36%         1
 Poisonous Vapours        Pois/Air       12%        N/A       43%         2
 Sublimation of Blood     Necr           2%         N/A       65%         2
 Olgreb's Toxic Radiance  Pois           11%        N/A       86%         4
 Alistair's Intoxication  Tmut/Pois      8%         N/A       99%         5
 Freezing Cloud           Conj/Ice/Air   1%         6-21      100%        5
 Manifold Assault         Tloc           4%         N/A       100%        5
 Simulacrum               Ice/Necr       1%         N/A       100%        6
 Storm Form               Tmut/Air       3%         N/A       100%        7
 Summon Hydra             Summ           1%         N/A       100%        7
 Polar Vortex             Ice            1%         N/A       100%        9


Dungeon Overview and Level Annotations

Branches:
Dungeon (5/15)
 Temple: D:4-7

Altars:

Annotations:
D:4 Grinder


Innate Abilities, Weirdness & Mutations

You have temporarily grown beastly horns and talons.


Message History

Your weapon exudes an aura of protection.
You kill the orc!
You hit the orc warrior but do no damage.
You claw the orc warrior.
The orc warrior is lightly wounded.
The orc warrior hits you with a +0 hand axe!
The orc warrior hits you with a +0 hand axe.
Your magical contamination has completely faded away.
You hit the orc warrior.
You claw the orc warrior, but do no damage.
The orc warrior is lightly wounded.
The orc warrior hits you with a +0 hand axe!
You hit the orc warrior. Your kick misses the orc warrior.
The orc warrior is lightly wounded.
The orc warrior barely misses you.
The orc warrior hits you with a +0 hand axe!
Okay, then.
You hit the orc warrior.
The orc warrior is moderately wounded.
You block the orc warrior's attack.
You are confused.
You feel invigorated.
The orc priest miscasts a cantrip.
The orc warrior hits you with a +0 hand axe.
The orc warrior attacks as you move away!
The orc warrior closely misses you.
Your transformation is almost over.
The orc priest invokes the aid of Beogh against you.
Beogh smites you!
You bump into the rock wall.
You feel less invigorated.
You feel less confused. You block the orc warrior's attack.
You barely miss the orc warrior.
You claw the orc warrior, but do no damage.
The orc warrior is moderately wounded.
The orc warrior hits you with a +0 hand axe!
* * * LOW HITPOINT WARNING * * *
The orc priest invokes the aid of Beogh against you.
Beogh smites you!
You die...

.##....#.......#.##.#
......+........>##.#
.#.....#.#####.#.##.#
...##+##.......#.##.#
... #########.##.#
#.##.# #.##.# ........#
#.##.# ........# #@##.#
........# #o##.#
........# #o##.#
........# #####o##.#####
........# #...o.#......#
....o...###.###.#.####.#
.....o.................#
.....o.oo..............#
.......o..............##


You could see an orc warrior, 2 orc priests and an orc.

Vanquished Creatures
  Menkaure (D:4)
  A phantom (D:4)
  A bullfrog (D:4)
  A necrophage (D:4)
  A scorpion (D:3)
  A jelly (D:4)
  4 adders
  3 worms
  2 dart slugs
  6 orcs
  10 endoplasms
  5 giant cockroaches
  10 goblins
  8 hobgoblins
  7 jackals
  13 kobolds
  2 quokkas (D:1)
  9 ball pythons
  5 bats
  3 frilled lizards
  4 rats
97 creatures vanquished.

Vanquished Creatures (others)
  2 plants (D:1)
2 creatures vanquished.

Grand Total: 99 creatures vanquished

Notes
Turn   | Place    | Note
-------+----------+-------------------------------------------
     0 | D:1      | wingedge the Human Wanderer began the quest for the Orb.
     0 | D:1      | wingedge set off with the following items: a +0 dagger, a
                  | wand of polymorph (3), a scroll of blinking, a +0 robe, a
                  | +2 buckler; and the following spell memorised: Beastly
                  | Appendage; and the following spells available to memorise:
                  | Ignite Poison.
     0 | D:1      | Reached XP level 1. HP: 16/16 MP: 2/2
    35 | D:1      | Reached skill level 1 in Dodging
   463 | D:1      | Reached XP level 2. HP: 18/23 MP: 1/3
   826 | D:1      | Reached XP level 3. HP: 27/29 MP: 2/4
  1016 | D:1      | Reached skill level 1 in Unarmed Combat
  1454 | D:2      | Found a faded altar of an unknown god.
  1761 | D:2      | Reached XP level 4. HP: 28/35 MP: 3/5
  1833 | D:2      | Learned a level 3 spell: Ignite Poison
  1866 | D:2      | Noticed Terence
  1867 | D:2      | Noticed Terence
  1867 | D:2      | Terence changed into Terence the giant cockroach
  1873 | D:2      | Killed Terence the giant cockroach
  1928 | D:2      | Learned a level 1 spell: Sting
  2272 | D:2      | Reached skill level 1 in Fire Magic
  2272 | D:2      | Reached skill level 1 in Poison Magic
  3170 | D:3      | Noticed a scorpion
  3182 | D:3      | Killed a scorpion
  3183 | D:3      | Reached skill level 1 in Armour
  3183 | D:3      | Reached XP level 5. HP: 29/41 MP: 4/7
  3640 | D:3      | Reached skill level 1 in Short Blades
  4129 | D:4      | Noticed Edmund
  4130 | D:4      | Noticed Edmund
  4130 | D:4      | Edmund changed into Edmund the bullfrog
  4138 | D:4      | Killed Edmund the bullfrog
  4139 | D:4      | Reached XP level 6. HP: 24/47 MP: 3/9
  4141 | D:4      | Noticed Menkaure
  4804 | D:4      | Killed Menkaure
  4805 | D:4      | Reached XP level 7. HP: 24/52 MP: 10/10
  4979 | D:4      | Learned a level 2 spell: Wereblood
  4982 | D:4      | Learned a level 2 spell: Blink
  5230 | D:4      | Noticed Grinder
  5597 | D:5      | Entered Level 5 of the Dungeon
  5729 | D:5      | Killed from afar by an orc priest

Illustrated notes

Levels and vault maps discovered:
D:1:      tarquinn_simple_flora_water_e, layout_rooms
D:2:      minmay_spotlight, layout_basic,
          hellmonk_ecumenical_altar_pennies_from_heaven, uniq_terence
D:3:      layout_basic
D:4:      layout_cave_pools, vehumet_statue, minmay_statues_item,
          minmay_surrounded, uniq_menkaure, uniq_grinder, uniq_edmund
D:5:      layout_basic, minmay_temple_entry_mist, serial_shops,
          nicolae_shop_stone, wad_floor_pattern_2

Skill      XL: |  1  2  3  4  5  6 |
---------------+-------------------+-----
Dodging        | 1 2 |  2.0
Fighting       | 3 |  3.0
Unarmed Combat | 1 |  1.0
Fire Magic     | 1 2 |  2.0
Poison Magic   | 2 |  2.9
Armour         | 1 |  1.0
Spellcasting   | 2 |  2.8
Short Blades   | 1 |  1.0
Stealth        | 2 3 |  3.0
Shields        | |  3.0
Translocations | |  0.9
Transmutations | |  3.7
Evocations     | |  1.0

Action                   |  1- 3 |  4- 6 |  7- 9 || total
-------------------------+-------+-------+-------++-------
Melee: Dagger            |    17 |    76 |       ||    93
       Short sword       |    98 |    57 |       ||   155
       Kick              |    23 |    35 |     6 ||    64
       Headbutt          |    17 |    21 |     2 ||    40
       Flail             |       |       |    28 ||    28
 Cast: Beastly Appendage |    24 |    22 |     4 ||    50
       Sting             |       |    39 |       ||    39
       Wereblood         |       |       |     2 ||     2
       Blink             |       |       |     1 ||     1
Evoke: Wand              |       |     3 |     2 ||     5
  Use: Scroll            |       |     4 |       ||     4
       Potion            |       |       |     1 ||     1
 Stab: Sleeping          |       |     2 |       ||     2
Armor: Robe              |    12 |     9 |       ||    21
       Leather armour    |       |    21 |     3 ||    24
       Ring mail         |       |       |     1 ||     1
Dodge: Dodged            |    44 |    75 |     9 ||   128
Block: Buckler           |    46 |    72 |    16 ||   134
       Reflection        |       |     2 |       ||     2

Table legend: (Time is in decaauts)
 A = Elapsed time spent in this place.
 B = Non-inter-level travel time spent in this place.
 C = Inter-level travel time spent in this place.
 D = Time resting spent in this place.
 E = Time spent auto-exploring this place.
 F = Levels seen in this place.
 G = Mean time per level.
                   A        B        C        D        E       F      G
               +--------+--------+--------+--------+--------+-----+--------+
         Total |   5762 |   5589 |    173 |   1640 |   2865 |   5 | 1152.4 |
       Dungeon |   5762 |   5589 |    173 |   1640 |   2865 |   5 | 1152.4 |
               +--------+--------+--------+--------+--------+-----+--------+

Top non-repeatable levels by time:
     D:2: 1636 daAuts
     D:3: 1532 daAuts
     D:1: 1460 daAuts
     D:4: 997 daAuts
     D:5: 135 daAuts
